 Dungeon Crawl Stone Soup version 0.26-a0-1205-g4083c211ab (webtiles) character file.

Game seed: 12186540556764684328

39 CurlyBrace the Sneak (level 3, -1/17 HPs)
             Began as a Felid Delver on Dec 29, 2020.
             Was an Initiate of Cheibriados.
             Slain by a hound (3 damage)
             ... on level 4 of the Dungeon.
             The game lasted 00:04:50 (363 turns).

CurlyBrace the Sneak (Felid Delver)                  Turns: 363, Time: 00:04:51

Health: -1/17      AC:  1    Str:  9    XL:     3   Next: 28%
Magic:  4/4        EV: 18    Int: 13    God:    Cheibriados [......]
Gold:   24         SH:  0    Dex: 18    Spells: 2/2 levels left
                                        Lives:  0   Deaths: 0

rFire    . . .     SeeInvis +     - Unarmed
rCold    . . .     Faith    .   (shield unavailable)
rNeg     . . .     Spirit   .   (armour unavailable)
rPois    .         Reflect  .   (helmet unavailable)
rElec    .         Harm     .   (cloak unavailable)
rCorr    .         Rampage  .   (gloves unavailable)
Will     .....                  (boots unavailable)
Stlth    ++++......             (no amulet)
HPRegen  0.05/turn              (no ring)
MPRegen  0.09/turn              (no ring)

@: very slightly contaminated, invisible, slow
A: very small, no armour, no weapons or thrown items, stealth, claws 1, fangs 3,
see invisible, speed 1, shaggy fur 1, sharp paws
a: Renounce Religion, Bend Time


You were on level 4 of the Dungeon.
You worshipped Cheibriados.
Cheibriados was noncommittal.
You visited 2 branches of the dungeon, and saw 5 of its levels.

You collected 24 gold pieces.

Inventory:

Wands
 b - a wand of enslavement (7)
   (You found it on level 5 of the Dungeon)
 v - a wand of digging (3)
Scrolls
 a - a scroll of fog
 x - a scroll of remove curse
Potions
 h - a potion of haste


   Skills:
 * Level 3.0 Fighting
 + Level 3.0 Dodging
 - Level 7.0 Stealth
 * Level 3.0 Unarmed Combat
 - Level 1.0 Evocations


You had 2 spell levels left.
You didn't know any spells.
Your spell library was empty.

Dungeon Overview and Level Annotations

Branches:
Dungeon (7/15)             Temple (1/1) D:6

Altars:
Cheibriados
Dithmenos
Kikubaaqudgha
Nemelex Xobeh
Trog
Uskayaw
Zin
The Shining One

Annotations:
D:4 exclusion: worker ant
D:6 Edmund
D:7 Prince Ribbit


Innate Abilities, Weirdness & Mutations

You cannot wear armour.
You are incapable of wielding weapons or throwing items.
Your paws allow you to move quietly. (Stealth)
You have sharp claws.
You have razor-sharp teeth.
You have supernaturally acute eyesight. (SInv)
You cover ground quickly.
You are covered in fur. (AC +1)
Your sharp claws are effective at attacking unaware monsters.


Message History

The jackal completely misses you.
You scratch the hound.
The hound is heavily wounded.
The hound closely misses you.
You completely miss the hound.
The hound is heavily wounded.
The hound closely misses you. The hound completely misses you.
The jackal barks!
You claw the hound!
The hound is almost dead.
The hound bites you.
* * * LOW HITPOINT WARNING * * *
Unknown command.
You barely miss the hound.
The hound is almost dead.
The hound bites you but does no damage.
You miss the hound.
The hound is almost dead.
The hound barely misses you. The hound bites you.
You die...

...####...####.#
S. .....#..###
#.## ...
..##...#
#..#####...
.####.##
##.hh..(.h.. ##
#.# #...Sw......
# ##.........h.
#h.....##.... #
#..#...## ... #
#..##.h@# .. ..#
.... #..(.# .
.... ... #.....#
#..# .. #..)....
..# ......... ##
###...###...
#..<# ... #.#..
..


You could see a worm, a hound, an adder (wandering) and 3 jackals.

Vanquished Creatures
  A worker ant (D:4)
  2 adder skeletons
  3 orcs (D:4)
  A jackal (D:4)
7 creatures vanquished.

Vanquished Creatures (others)
  A centaur (D:5)
1 creature vanquished.

Grand Total: 8 creatures vanquished

Notes
Turn   | Place    | Note
-------+----------+-------------------------------------------
     0 | D:5      | CurlyBrace the Felid Delver began the quest for the Orb.
     0 | D:5      | Reached XP level 1. HP: 10/10 MP: 2/2
    31 | D:6      | Noticed Edmund
    61 | D:7      | Noticed Prince Ribbit
    62 | D:7      | Noticed a bullfrog
    68 | D:6      | Noticed a quasit
    81 | D:6      | Found a staircase to the Ecumenical Temple.
    85 | D:6      | Noticed a worker ant
    91 | Temple   | Entered the Ecumenical Temple
   107 | Temple   | Became a worshipper of Cheibriados the Contemplative
   136 | D:6      | Noticed a worker ant
   155 | D:5      | Killed a centaur
   174 | D:4      | Noticed a worker ant
   179 | D:4      | Killed a worker ant
   180 | D:4      | Reached skill level 1 in Evocations
   180 | D:4      | Reached XP level 2. HP: 14/14 MP: 3/3
   180 | D:4      | Reached XP level 3. HP: 17/17 MP: 4/4
   274 | D:4      | Reached skill level 7 in Stealth
   363 | D:4      | Slain by a hound

Illustrated notes

Levels and vault maps discovered:
D:4:      layout_layer_cave, bh_walls_and_bars
D:5:      layout_rooms, xom_confusion_cloud, uniq_pikel, uniq_ijyb
D:6:      layout_basic, minmay_temple_entry_trees, uniq_edmund
D:7:      layout_layer_cave, uniq_prince_ribbit1, uniq_harold
Temple:   compressed_dpeg_circular_temple

Skill      XL: |  1  2  3 |
---------------+----------+-----
Dodging        | 3 |  3.0
Evocations     | 1 |  1.0
Stealth        | 7 |  7.0
Unarmed Combat | 3 |  3.0
Fighting       | |  3.0

Action                   || total
-------------------------++-------
Melee: Unarmed           ||    32
       Bite              ||     3
       Punch             ||     1
  Use: Scroll            ||     4
       Potion            ||     2
 Stab: Sleeping          ||     3
       Invisible         ||     1
Armor: Skin              ||     1
Dodge: Dodged            ||    30

Table legend: (Time is in decaauts)
 A = Elapsed time spent in this place.
 B = Non-inter-level travel time spent in this place.
 C = Inter-level travel time spent in this place.
 D = Time resting spent in this place.
 E = Time spent auto-exploring this place.
 F = Levels seen in this place.
 G = Mean time per level.
                   A        B        C        D        E       F      G
               +--------+--------+--------+--------+--------+-----+--------+
         Total |    361 |    361 |      0 |      0 |      0 |   5 |   72.2 |
       Dungeon |    330 |    330 |      0 |      0 |      0 |   4 |   82.5 |
        Temple |     30 |     30 |      0 |      0 |      0 |   1 |   30.0 |
               +--------+--------+--------+--------+--------+-----+--------+

Top non-repeatable levels by time:
     D:4: 201 daAuts
     D:6: 89 daAuts
     D:5: 38 daAuts
  Temple: 30 daAuts
     D:7: 1 daAuts
